 Dungeon Crawl Stone Soup version 0.18-a0-801-gb01a236 (webtiles) character file.

64 cluie the Gusty (level 3, 0/25 HPs)
             Began as a Demonspawn Air Elementalist on Dec 14, 2015.
             Slain by an adder (5 damage)
             ... on level 2 of the Dungeon.
             The game lasted 00:05:24 (1865 turns).

cluie the Gusty (Demonspawn Air Elementalist)       Turns: 1865, Time: 00:05:24

Health: 0/25       AC:  2    Str:  8    XL:     3   Next: 91%
Magic:  6/6        EV: 12    Int: 22    God:
Gold:   84         SH:  0    Dex: 13    Spells: 3 memorised, 1 level left

rFire  . . .     SeeInvis .       - Unarmed
rCold  . . .     Clarity  .     a - +0 robe
rNeg   . . .     SustAt   .     (no shield)
rPois  .         Gourm    .     (no helmet)
rElec  .         Spirit   .     (no cloak)
rCorr  .         Dismiss  .     (no gloves)
rMut   .         Stasis   .     (no boots)
MR     .....                    (no amulet)
Stlth  ++........               (no ring)
                                (no ring)

@: brilliant, lethally poisoned (0 -> -8), repel missiles, not resistant to
hostile enchantments, unstealthy
A: claws 1
a: no special abilities


You were on level 2 of the Dungeon.
You were not hungry.

You visited 1 branch of the dungeon, and saw 2 of its levels.

You collected 84 gold pieces.

Inventory:

Armour
 a - a +0 robe (worn)
Scrolls
 e - a scroll of amnesia {unknown}
 f - a scroll of fog {unknown}
 i - a scroll of blinking {unknown}
 k - a scroll of magic mapping {unknown}
 m - a scroll of identify {unknown}
Potions
 d - a potion of degeneration {unknown}
 g - a potion of brilliance
 h - a potion of lignification {unknown}
 j - 2 potions of haste {unknown}
 l - 2 potions of ambrosia {unknown}
 n - a potion of heal wounds {unknown}
Books
 b - a book of Air

   Spells                             Type                      Level
   a - Shock                          Conjuration/Air              1
   b - Swiftness                      Charms/Air                   2
   c - Repel Missiles                 Charms/Air                   2
   d - Static Discharge               Conjuration/Air              3
   e - Lightning Bolt                 Conjuration/Air              5
Comestibles
 c - 2 bread rations


   Skills:
 + Level 0.4 Fighting
 + Level 1.8 Dodging
 - Level 1.7 Stealth
 + Level 1.0 Unarmed Combat
 + Level 2.6 Spellcasting
 + Level 2.1 Conjurations
 * Level 3.1 Air Magic


You had one spell level left.
You knew the following spells:

 Your Spells              Type           Power        Failure   Level  Hunger
a - Shock                 Conj/Air       ####         1%          1    None
b - Static Discharge      Conj/Air       ####....     1%          3    ###....
c - Repel Missiles        Chrm/Air       ###...       1%          2    ##.....


Dungeon Overview and Level Annotations

Branches:
Dungeon (2/15)

Altars:

Annotations:
D:2 Natasha


Innate Abilities, Weirdness & Mutations

You have sharp fingernails.


Message History

You resist with significant effort. The adder bites you.
You miss the adder.
The adder is heavily wounded.
The adder bites you.
The crimson imp grinds its teeth.
The crimson imp misses you. The adder bites you but does no damage.
Natasha misses you.
You barely miss the adder.
The adder is heavily wounded.
The adder bites you.
You are lethally poisoned!
The adder poisons you! The crimson imp hits you.
* * * LOW HITPOINT WARNING * * *
Natasha closely misses you.
Drink which item? (? for menu, Esc to quit)
It was a potion of brilliance.
You feel clever all of a sudden.
* * * LOW HITPOINT WARNING * * *
You feel sick. The adder bites you.
You die...

#.####.###.##.#
##.####.##...#..
#.........#.#.##
#####..####...#.##.#
...#..####...... ..
####.#.........#.##
#
#......######..#...
#.##.### #......#
#@# .....##.#
#.....Sh5[..# #.#..
## ####.##.....# ..
# #........ ..
#.....#.# .. #.....#
# ## #######


You could see Natasha, a crimson imp and an adder.

Vanquished Creatures
  3 adders (D:2)
  2 giant geckos
  6 goblins
  4 hobgoblins
  3 jackals (D:1)
  6 bats
  3 giant cockroaches
  4 giant newts
  A kobold (D:1)
  6 rats
38 creatures vanquished.

Notes
Turn   | Place    | Note
--------------------------------------------------------------
     0 | D:1      | cluie the Demonspawn Air Elementalist began the quest for the Orb.
     0 | D:1      | Reached XP level 1. HP: 13/13 MP: 3/3
   343 | D:1      | Gained mutation: You have sharp fingernails. [demonic ancestry]
   343 | D:1      | Reached XP level 2. HP: 11/19 MP: 1/5
  1317 | D:2      | Reached XP level 3. HP: 17/24 MP: 0/6
  1562 | D:2      | Reached skill level 3 in Air Magic
  1571 | D:2      | Learned a level 3 spell: Static Discharge
  1574 | D:2      | Learned a level 2 spell: Repel Missiles
  1656 | D:2      | Reached skill level 1 in Unarmed Combat
  1858 | D:2      | Noticed Natasha
  1865 | D:2      | Slain by an adder

Vault maps used:
D:1:      lightli_molten_gateway
D:2:      makhleb_altar_promises_db, uniq_natasha

Action                   || total
-------------------------++-------
Melee: Unarmed           ||   116
 Cast: Shock             ||    36
       Repel Missiles    ||     1
  Use: Potion            ||     1
 Stab: Sleeping          ||     1
  Eat: Chunk             ||     4
